 Dungeon Crawl Stone Soup version 0.24.0-125-gc4c63601f3 (webtiles) character file.

Game seed: 14754067369387647474, levelgen mode: deterministic

37 LraC the Grave Robber (level 3, -1/24 HPs)
             Began as a Demonspawn Necromancer on Mar 2, 2020.
             Slain by a worm (9 damage)
             ... on level 2 of the Dungeon.
             The game lasted 00:27:55 (1111 turns).

LraC the Grave Robber (Demonspawn Necromancer)      Turns: 1111, Time: 00:27:56

Health: -1/24      AC: 10    Str:  8    XL:     3   Next: 21%
Magic:  6/6        EV: 11    Int: 17    God:
Gold:   54         SH:  0    Dex: 13    Spells: 6/6 levels left

rFire    . . .     SeeInvis .   k - +0 short sword
rCold    . . .     Gourm    .   (no shield)
rNeg     . . .     Faith    .   g - +4 ring mail
rPois    .         Spirit   .   (no helmet)
rElec    .         Reflect  .   e - +0 cloak
rCorr    .         Harm     .   (no gloves)
MR       .....                  (no boots)
Stlth    ++........             (no amulet)
HPRegen  0.08/turn              (no ring)
MPRegen  0.10/turn              (no ring)

@: no status effects
A: sturdy frame 1
a: no special abilities


You were on level 2 of the Dungeon.
You were not hungry.

You visited 1 branch of the dungeon, and saw 2 of its levels.

You collected 54 gold pieces.

Inventory:

Hand Weapons
 h - a +0 club
 i - a +0 short sword
 j - a +0 club
 k - a +0 short sword (weapon)
 l - a +0 club
 o - a +0 club
 q - a +0 dagger
 r - a +0 club
 s - a +0 trident
Missiles
 b - 22 sling bullets
 f - 46 arrows
 n - a stone (quivered)
Armour
 a - a +0 robe
 d - a +0 leather armour
 e - a +0 cloak (worn)
 g - a +4 ring mail (worn)
Scrolls
 p - a scroll of teleportation
 t - 3 scrolls of amnesia
Potions
 m - 2 potions of heal wounds
Comestibles
 c - 4 rations


   Skills:
 + Level 0.5 Maces & Flails
 + Level 1.0 Armour
 + Level 1.9 Dodging
 + Level 1.9 Stealth
 + Level 2.3 Spellcasting
   Level 4.8 Necromancy


You had 6 spell levels left.
You didn't know any spells.
Your spell library contained the following spells:

 Spells                   Type           Power        Failure   Level  Hunger
 Animate Skeleton         Necr           N/A          4%          1    #......
 Pain                     Necr           ###.         4%          1    #......
 Vampiric Draining        Necr           ###.......   14%         3    ###....
 Regeneration             Chrm/Necr      ##........   36%         3    ###....
 Animate Dead             Necr           N/A          41%         4    #####..


Dungeon Overview and Level Annotations

Branches:
Dungeon (2/15)

Altars:


Innate Abilities, Weirdness & Mutations

Your movements are slightly less encumbered by armour. (ER -2)


Message History

You hit the worm.
The worm is moderately wounded.
The worm bites you.
You hit the worm.
The worm is heavily wounded.
You hit the worm.
The worm is heavily wounded.
The worm bites you.
You hit the worm but do no damage.
The worm is heavily wounded.
The worm barely misses you.
You hit the worm.
The worm is severely wounded.
You barely miss the worm.
The worm is severely wounded.
The worm bites you!
You hit the worm.
The worm is almost dead.
The worm bites you!
You die...

##.......##..
#...........
#.........#
#........># ##
#.........# ..#
#.........# ...#
#.........##...#
#...w.........#
#
#...@.....#..##
#.#.........##.#
#.......†...#
...
##..........##
#..
####.....#..#
### #.#...##.#
#..###..#.# #.##
##.#<. .. ...##


You could see a worm.

Vanquished Creatures
  An ooze (D:1)
  2 dart slugs
  A leopard gecko (D:1)
  4 bats (D:1)
  4 goblins (D:1)
  4 hobgoblins (D:1)
  5 kobolds
  6 rats
27 creatures vanquished.

Notes
Turn   | Place    | Note
-------+----------+-------------------------------------------
     0 | D:1      | LraC the Demonspawn Necromancer began the quest for the
                  | Orb.
     0 | D:1      | Reached XP level 1. HP: 13/13 MP: 3/3
     3 | D:1      | Noticed an electric eel
    11 | D:1      | Noticed an electric eel
   332 | D:1      | Gained mutation: Your movements are slightly less
                  | encumbered by armour. (ER -2) [demonic ancestry]
   332 | D:1      | Reached XP level 2. HP: 19/19 MP: 5/5
   753 | D:1      | Reached XP level 3. HP: 24/24 MP: 6/6
  1060 | D:2      | Reached skill level 1 in Armour
  1111 | D:2      | Slain by a worm

Levels and vault maps discovered:
D:1:      arrival_aquarium_b, layout_basic
D:2:      layout_rooms, nicolae_qazlal_eye_of_the_storm, minivault_19

Skill      XL: |  1  2  3 |
---------------+----------+-----
Armour         | 1 |  1.0
Maces & Flails | |  0.5
Dodging        | |  1.9
Stealth        | |  1.9
Spellcasting   | |  2.3
Necromancy     | |  4.8

Action                   || total
-------------------------++-------
Melee: Unarmed           ||     5
       Club              ||    47
       Short sword       ||    60
 Cast: Pain              ||     9
  Use: Scroll            ||     7
       Potion            ||     4
  Eat: Ration            ||     1
Armor: Ring mail         ||    60
       Robe              ||     3
Dodge: Dodged            ||    83
